 Dungeon Crawl Stone Soup version 0.25-a0-781-gc44aebf4fe (webtiles) character file.

Game seed: 8961738904028478323, levelgen mode: deterministic

532 Heliosone the Ruffian (level 7, 60/60 HPs)
             Began as a Black Draconian Transmuter on Apr 16, 2020.
             Was an Initiate of Makhleb.
             Quit the game on level 5 of the Dungeon.
             The game lasted 00:14:06 (5599 turns).

Heliosone the Ruffian (Black Draconian Transmuter)  Turns: 5599, Time: 00:14:07

Health: 60/60      AC:  7    Str: 13    XL:     7   Next: 4%
Magic:  10/10      EV: 16    Int: 15    God:    Makhleb [......]
Gold:   270        SH:  0    Dex: 11    Spells: 4/10 levels left

rFire    . . .     SeeInvis .     - Unarmed
rCold    . . .     Gourm    .   (no shield)
rNeg     . . .     Faith    .   (armour unavailable)
rPois    .         Spirit   .   (helmet restricted)
rElec    +         Reflect  .   (no cloak)
rCorr    +         Harm     .   j - +0 pair of gloves
MR       .....                  (no boots)
Stlth    +.........             (no amulet)
HPRegen  0.20/turn              p - +3 ring of evasion
MPRegen  0.12/turn              y - ring of resist corrosion

@: no status effects
A: breathe lightning, unfitting armour, electricity resistance, cold-blooded, AC
+6
a: Breathe Lightning, Renounce Religion


You were on level 5 of the Dungeon.
You worshipped Makhleb.
Makhleb was noncommittal.
You were hungry.

You visited 2 branches of the dungeon, and saw 6 of its levels.

You collected 270 gold pieces.

Inventory:

Missiles
 a - 69 arrows
 s - 25 poisoned darts (quivered)
 C - a throwing net
Armour
 j - a +0 pair of gloves (worn)
Jewellery
 b - an uncursed ring of fire
 l - an uncursed ring of stealth
 p - a +3 ring of evasion (left hand)
 y - a ring of resist corrosion (right hand)
Scrolls
 e - 7 scrolls of identify {unknown}
 f - 7 scrolls of teleportation {unknown}
 g - 6 scrolls of remove curse {unknown}
 h - 2 scrolls of enchant armour {unknown}
 i - a scroll of random uselessness {unknown}
 k - 2 scrolls of noise {unknown}
 m - a scroll of fear {unknown}
 t - a scroll of immolation {unknown}
 u - a scroll of magic mapping {unknown}
 A - a scroll of enchant weapon {unknown}
 B - a scroll of fog {unknown}
Potions
 d - 4 potions of curing {unknown}
 n - 3 potions of flight {unknown}
 o - 2 potions of haste {unknown}
 q - a potion of might {unknown}
 r - a potion of magic {unknown}
 v - a potion of resistance {unknown}
 w - a potion of heal wounds {unknown}
 x - a potion of stabbing {unknown}
 z - 2 potions of brilliance {unknown}
 D - a potion of degeneration {unknown}
Comestibles
 c - 5 rations


   Skills:
 + Level 4.3 Fighting
 + Level 4.0 Dodging
 + Level 4.9 Unarmed Combat
 - Level 2.0 Spellcasting
 - Level 3.0 Transmutations
 - Level 1.0 Poison Magic


You had 4 spell levels left.
You knew the following spells:

 Your Spells              Type           Power        Failure   Level  Hunger
a - Beastly Appendage     Tmut           ##....       6%          1    #......
b - Sticks to Snakes      Tmut           ##......     10%         2    ###....
c - Spider Form           Tmut/Pois      #.........   28%         3    ###....

Your spell library contained the following spells:

 Spells                   Type           Power        Failure   Level  Hunger
 Magic Dart               Conj           #...         22%         1    #......
 Searing Ray              Conj           #.....       32%         2    ###....
 Dazzling Flash           Conj/Hex       #.....       54%         3    ###....
 Ice Form                 Ice/Tmut       #.......     75%         4    #####..
 Fulminant Prism          Conj/Hex       #.........   91%         4    #####..
 Iskenderun's Mystic Bla  Conj/Tloc      #.......     91%         4    #####..
 Blade Hands              Tmut           ##........   86%         5    ######.


Dungeon Overview and Level Annotations

Branches:
Dungeon (5/15)             Temple (1/1) D:4

Altars:
Ashenzari
Elyvilon
Fedhas
Gozag
Kikubaaqudgha
Makhleb
Nemelex Xobeh
Qazlal
Sif Muna
Trog
Uskayaw
Wu Jian
Xom
Yredelemnul
Zin
The Shining One

Shops:
D:4 %


Innate Abilities, Weirdness & Mutations

You can breathe wild blasts of lightning.
Your glossy black scales are hard. (AC +6)
You cannot fit into any form of body armour.
You are resistant to electric shocks. (rElec)
You are cold-blooded and may be slowed by cold attacks.


Message History

There isn't anything to butcher here.
e - 7 scrolls labeled SOGGIBRO QOIZI (gained 1)
Things that are here:
a +0 dagger; a cursed -1 short sword; a +0 leather armour There isn't anything to butcher here.
There isn't anything to butcher here.
You start resting.
HP restored.
A worker ant is nearby!
Things that are here:
a +0 dagger; a +0 robe There isn't anything to butcher here.
There isn't anything to butcher here.
There isn't anything to butcher here.
Things that are here:
a +0 trident; a +0 leather armour There isn't anything to butcher here.
There isn't anything to butcher here.
The worker ant twitches its antennae in your direction.
Are you sure you want to abandon this character and quit the game? (Confirm with "yes".)

##.##>###.......#
#####.....##.........
#.....#...##.........
#...................#
#########.....#####..
#######............
##.................{
###...####....#####...
##....@.........).<....
###..#####)###.##.######.
#..........###.##..#####.
#........................
#.........)###......#####
#..........# #.####....#.
###........###)####......
#.####...).....###.....
#.# #...).....# #....#


There were no monsters in sight!

Vanquished Creatures
  An ogre (D:5)
  A howler monkey (D:4)
  2 hounds
  2 orc priests (D:5)
  4 orc wizards
  A worker ant (D:5)
  3 adders
  A shadow imp (D:5)
  An ooze (D:4)
  2 worms (D:3)
  3 dart slugs (D:1)
  4 leopard geckos
  6 orcs
  2 ball pythons (D:4)
  6 giant cockroaches
  5 goblins
  8 hobgoblins
  9 jackals
  3 quokkas
  12 bats
  6 frilled lizards
  2 jackal skeletons
  11 kobolds
  A leopard gecko zombie (D:5)
  9 rats
105 creatures vanquished.

Notes
Turn   | Place    | Note
-------+----------+-------------------------------------------
     0 | D:1      | Heliosone the Draconian Transmuter began the quest for the
                  | Orb.
     0 | D:1      | Reached XP level 1. HP: 16/16 MP: 3/3
   182 | D:1      | Reached XP level 2. HP: 22/23 MP: 5/5
   437 | D:1      | Learned a level 2 spell: Sticks to Snakes
   802 | D:1      | Reached XP level 3. HP: 28/28 MP: 6/6
   811 | D:1      | Learned a level 3 spell: Spider Form
  1485 | D:2      | Reached skill level 1 in Poison Magic
  2313 | D:2      | Reached XP level 4. HP: 30/36 MP: 4/7
  3729 | D:3      | Reached XP level 5. HP: 42/42 MP: 4/8
  4544 | D:4      | Found Tibits's Food Emporium.
  4583 | D:4      | Found a staircase to the Ecumenical Temple.
  4727 | Temple   | Entered the Ecumenical Temple
  4783 | Temple   | Became a worshipper of Makhleb the Destroyer
  4857 | D:5      | Entered Level 5 of the Dungeon
  4959 | D:5      | Reached XP level 6. HP: 29/51 MP: 0/9
  5567 | D:5      | Your scales start taking on a glossy black colour.
  5567 | D:5      | Reached XP level 7. HP: 55/60 MP: 6/10
  5567 | D:5      | Gained mutation: You are resistant to electric shocks.
                  | (rElec) [Black Draconian growth]
  5599 | D:5      | Quit the game

Levels and vault maps discovered:
D:1:      evilmike_arrival_plus, layout_basic
D:2:      layout_loops_corners, first_ration, st_stairs_9, minmay_nonomino_d4
D:3:      minmay_door_path, layout_basic
D:4:      layout_rooms, minmay_temple_entry_poolview, serial_shops, shop
D:5:      layout_rooms
Temple:   compressed_dpeg_circular_temple

Skill      XL: |  1  2  3  4  5  6 |
---------------+-------------------+-----
Transmutations | 3 |  3.0
Dodging        | 2 3 4 |  4.0
Poison Magic   | 1 |  1.0
Fighting       | 2 3 4 |  4.3
Unarmed Combat | 4 |  4.9
Spellcasting   | |  2.0

Action                   |  1- 3 |  4- 6 |  7- 9 || total
-------------------------+-------+-------+-------++-------
Melee: Unarmed           |   134 |   212 |       ||   346
       Kick              |    10 |     5 |       ||    15
       Tailslap          |     5 |    11 |       ||    16
       Headbutt          |     7 |     3 |       ||    10
       Punch             |       |     1 |       ||     1
Throw: Dart              |       |     1 |       ||     1
 Cast: Beastly Appendage |    19 |    15 |       ||    34
       Spider Form       |     2 |    20 |       ||    22
 Stab: Sleeping          |       |     3 |       ||     3
  Eat: Chunk             |     4 |    11 |       ||    15
       Ration            |       |     1 |       ||     1
Armor: Skin              |    47 |    39 |       ||    86
Dodge: Dodged            |    93 |   172 |       ||   265

Table legend:
 A = Non-vault XP
 B = Vault XP
 C = Vault XP percentage of total XP
 D = Non-vault monster count
 E = Vault monster count
 F = Vault count percentage of total count
                 A         B        C        D         E       F
            +---------+---------+-------+---------+---------+-------
      Total |     735 |      26 |   3.4 |      96 |       9 |   8.6
            +---------+---------+-------+---------+---------+-------
        D:1 |      44 |       0 |   0.0 |      24 |       0 |   0.0
        D:2 |      48 |      19 |  28.4 |      20 |       5 |  20.0
        D:3 |      88 |       7 |   7.4 |      24 |       4 |  14.3
        D:4 |     129 |       0 |   0.0 |      10 |       0 |   0.0
        D:5 |     426 |       0 |   0.0 |      18 |       0 |   0.0
            +---------+---------+-------+---------+---------+-------
